 Dungeon Crawl Stone Soup version 0.29.1-14-g9c671dbff4 (webtiles) character file.

Game seed: 15305368046958436644

197 yoloboy69 the Trooper (level 5, -5/37 HPs)
             Began as an Octopode Fighter on Feb 19, 2023.
             Slain by a scorpion (8 damage)
             ... on level 4 of the Dungeon.
             The game lasted 00:11:36 (3499 turns).

yoloboy69 the Trooper (Octopode Fighter)            Turns: 3499, Time: 00:11:36

Health: -5/37      AC:  1    Str: 15 (16) XL:     5   Next: 75%
Magic:  5/5        EV: 14    Int:  9 (10) God:
Gold:   216        SH:  5    Dex: 13      Spells: 4/4 levels left

rFire   . . .      SeeInvis .   a - +0 long sword
rCold   . . .      Faith    .   b - +0 buckler
rNeg    . . .      Spirit   .   (helmet restricted)
rPois   .          Reflect  .   (no amulet)
rElec   .          Harm     .   (no ring)
rCorr   .          Rampage  .   (no ring)
Will    .....                   (no ring)
Stlth   ++........              (no ring)
HPRegen 0.12/turn               (no ring)
MPRegen 0.09/turn               (no ring)
                                (no ring)
                                (no ring)

@: no status effects
A: almost no armour, amphibious, 8 rings, camouflage 1, gelatinous body 1,
(nimble swimmer 1), tentacles, deterioration 1
a: no special abilities


You were on level 4 of the Dungeon.
You visited 1 branch of the dungeon, and saw 5 of its levels.

You collected 216 gold pieces.

Inventory:

Hand Weapons
 a - a +0 long sword (weapon)
 d - a +0 long sword of pain
Missiles
 h - 22 stones (quivered)
Armour
 b - a +0 buckler (worn)
Jewellery
 o - an amulet of magic regeneration
Scrolls
 e - a scroll of noise {unknown}
 g - 2 scrolls of magic mapping
 i - a scroll of vulnerability
 k - a scroll of fog {unknown}
 m - a scroll of summoning {unknown}
 n - a scroll of enchant weapon {unknown}
 p - a scroll of enchant armour {unknown}
Potions
 c - 2 potions of might
 f - 3 potions of lignification
 j - a potion of resistance {unknown}
 l - a potion of brilliance {unknown}


   Skills:
 + Level 4.0 Fighting
 + Level 3.3 Long Blades
 + Level 4.0 Dodging
 - Level 4.0 Shields


You had 4 spell levels left.
You didn't know any spells.
Your spell library was empty.

Dungeon Overview and Level Annotations

Branches:
Dungeon (5/15)
 Temple: D:4-7

Altars:

Annotations:
D:4 Sigmund
D:5 beigtais's ghost, novice SpHu


Innate Abilities, Weirdness & Mutations

You cannot wear most types of armour.
You are amphibious.
You can wear up to eight rings at the same time.
Your skin changes colour to match your surroundings (Stealth+).
Your rubbery body absorbs attacks. (AC +1, EV +1)
((You are camouflaged when in or above water. (Stealth+)))
You have tentacles for arms and can constrict up to eight enemies at once.
Your body sometimes deteriorates upon taking damage.


Message History

As you open the door, it creaks loudly!
You hear a shout!
There is an open door here.
There is an open door here.
There is an open door here.
An ogre comes into view. It is wielding a +0 giant spiked club.
An orc comes into view. It is wielding a +0 flail.
Sigmund the Dreaded comes into view.
He is wielding a +0 scythe.
Found a stone staircase leading up.
Sigmund shouts!
Sigmund casts a spell at you.
You are confused.
An orc priest comes into view. It is wielding a +0 hand axe.
The orc priest shouts!
You hear a shout!
A scorpion comes into view.
Sigmund casts a spell at you. The magic dart hits you!
Your body deteriorates!
You feel weakened.
An orc wizard comes into view. It is wielding a +0 dagger.
The orc throws a boomerang.
The boomerang hits you.
An orc and a quokka come into view.
The orc throws a boomerang.
The boomerang misses you.
The orc priest calls down the wrath of Beogh upon you.
Beogh smites you!
Sigmund gestures wildly while chanting.
Sigmund flickers and vanishes!
Deactivating autopickup; reactivate with Ctrl-A.
You feel less confused. You block the ogre's attack. Something hits you.
The ogre barely misses you. The orc priest barely misses you.
You hear some strange, mumbled words.
A puff of flame appears from out of thin air!
The puff of flame hits you!
* * * LOW HITPOINT WARNING * * *
Your body deteriorates!
You feel dopey.
The orc priest attacks as you move away!
The orc priest hits you with a +0 hand axe.
* * * LOW HITPOINT WARNING * * *
The scorpion stings you!
You die...

...#...##....##.....#..#
#..# ..##...#
#...#......+..+ +..+
...#...####..#......#..#
#..#
....................#..#
#..#
.>.................##..#
#..#
....................+##+
+##+
................O...#
..........[#....os..#
................@.{r#
.................ooo....
................
.........<.......
.................
..............#.
##.....##.....# #.....
.....#


You could see an ogre, a scorpion, an orc priest, an orc wizard, 2 orcs and a
quokka.

Vanquished Creatures
  A phantom (D:4)
  5 adders
  2 worms
  3 dart slugs
  2 orcs (D:3)
  5 bats
  4 endoplasms
  4 giant cockroaches
  4 goblins
  3 hobgoblins
  13 jackals
  3 quokkas
  5 ball pythons
  3 frilled lizards
  7 kobolds
  A rat (D:2)
65 creatures vanquished.

Notes
Turn   | Place    | Note
-------+----------+-------------------------------------------
     0 | D:1      | yoloboy69 the Octopode Fighter began the quest for the Orb.
     0 | D:1      | Reached XP level 1. HP: 16/16 MP: 1/1
   191 | D:1      | Reached XP level 2. HP: 21/21 MP: 2/2
   663 | D:1      | Reached XP level 3. HP: 18/26 MP: 3/3
  1004 | D:1      | Found a faded altar of an unknown god.
  1543 | D:2      | Reached XP level 4. HP: 29/31 MP: 4/4
  2556 | D:3      | Gained mutation: Your body sometimes deteriorates upon
                  | taking damage. [potion of mutation]
  3071 | D:3      | Reached XP level 5. HP: 37/37 MP: 5/5
  3124 | D:3      | You fall into a shaft and drop 2 floors!
  3124 | D:5      | Entered Level 5 of the Dungeon
  3129 | D:5      | Noticed beigtais's ghost (novice SpHu)
  3255 | D:4      | Noticed a phantom
  3280 | D:4      | Killed a phantom
  3486 | D:4      | Noticed an ogre
  3491 | D:4      | Noticed Sigmund
  3499 | D:4      | Slain by a scorpion

Illustrated notes

Levels and vault maps discovered:
D:1:      doesnt_arrival_eight_statues, layout_loops_ring,
          dreamdust_ecumenical_altar_angels_and_demons, columned_hall_lemuel,
          minmay_surrounded
D:2:      layout_basic, fountainhead
D:3:      layout_loops_corners, mainiacjoe_overflow_cross_hatched,
          minmay_ruptured
D:4:      minmay_chambers_of_fours, layout_layer_cave,
          mainiacjoe_overflow_24_doors, uniq_robin, uniq_sigmund
D:5:      layout_cave_pools, minmay_temple_entry_fiery, gammafunk_ghost_split,
          fountainhead, palyth_stone_intersect, due_unseen_surprise

Skill      XL: |  1  2  3  4  5 |
---------------+----------------+-----
Long Blades    | 3 |  3.3
Fighting       | 4 |  4.0
Dodging        | 4 |  4.0
Shields        | 4 |  4.0

Action                   |  1- 3 |  4- 6 || total
-------------------------+-------+-------++-------
Melee: Long sword        |    73 |    64 ||   137
       Constrict         |    23 |    17 ||    40
       Tentacles         |     9 |    14 ||    23
       Punch             |     2 |       ||     2
  Use: Scroll            |     1 |     3 ||     4
       Potion            |       |     1 ||     1
 Stab: Sleeping          |     5 |     4 ||     9
Armor: Skin              |     4 |     3 ||     7
Dodge: Dodged            |    46 |    37 ||    83
Block: Buckler           |    11 |     6 ||    17
